 Dungeon Crawl Stone Soup version 0.20-a0-299-gec7c366 (webtiles) character file.

1229 Havercy the Slasher (level 8, -3/72 HPs)
             Began as a Naga Fighter on Dec 15, 2016.
             Was a Priest of Cheibriados.
             Killed by divine providence
             ... invoked by an orc priest
              (16 damage)
             ... on level 5 of the Dungeon.
             The game lasted 00:12:14 (5379 turns).

Havercy the Slasher (Naga Fighter)                  Turns: 5379, Time: 00:12:15

Health: -3/72      AC: 12    Str: 27    XL:     8   Next: 48%
Magic:  9/9        EV:  7    Int: 17    God:    Cheibriados [***...]
Gold:   127        SH:  6    Dex: 20    Spells: 7/9 levels left

rFire  . . .     SeeInvis +     d - +0 falchion (slice)
rCold  . . .     Gourm    .     y - +4 chain mail
rNeg   + . .     Faith    .     v - +0 buckler
rPois  +         Spirit   .     (no helmet)
rElec  .         Reflect  .     (no cloak)
rCorr  .         Harm     .     (no gloves)
MR     +....                    (no barding)
Stlth  ..........               t - amulet of magic regeneration
                                (no ring)
                                r - ring of positive energy

@: very slow
A: see invisible, deformed body, poison resistance, slowness 2, slow metabolism
1, spit poison 1, AC +2
a: Spit Poison, Bend Time, Temporal Distortion, Renounce Religion


You were on level 5 of the Dungeon.
You worshipped Cheibriados.
Cheibriados was most pleased with you.
You were hungry.

You visited 1 branch of the dungeon, and saw 6 of its levels.
You also visited: Sewer.

You collected 197 gold pieces.
You spent 70 gold pieces at shops.

Inventory:

Hand Weapons
 a - a +0 long sword
 d - a +0 falchion of slicing (weapon)
Armour
 b - a +0 scale mail
 c - a +0 shield
 v - a +0 buckler (worn)
 y - a +4 chain mail (worn)
Jewellery
 r - a ring of positive energy (left hand)
 t - an amulet of magic regeneration (around neck)
Scrolls
 e - 8 scrolls of remove curse
 g - a scroll of blinking
 j - a scroll of immolation
 k - a scroll of fog
 q - 3 scrolls of teleportation
 s - a scroll of enchant weapon {unknown}
 D - a scroll of magic mapping {unknown}
 F - a scroll of enchant armour {unknown}
Potions
 h - 5 potions of curing
 i - 5 potions of heal wounds
 o - a potion of invisibility
 p - a potion of ambrosia
 x - a potion of haste {unknown}
 z - 2 potions of berserk rage
 A - a potion of lignification
 B - a potion of might
 C - a potion of agility
 E - 2 potions of flight
Books
 m - a book of Air

   Spells                             Type                      Level
   a - Shock                          Conjuration/Air              1
   b - Swiftness                      Charms/Air                   2
   c - Repel Missiles                 Charms/Air                   2
   d - Static Discharge               Conjuration/Air              3
   e - Lightning Bolt                 Conjuration/Air              5
Comestibles
 f - 5 bread rations
 l - 2 fruits
 u - 2 meat rations
 w - a slice of pizza


   Skills:
 + Level 3.8 Fighting
 * Level 6.1 Long Blades
 + Level 3.7 Armour
 + Level 1.2 Dodging
 * Level 5.3 Shields
 * Level 1.1 Spellcasting
 * Level 1.7 Charms
 * Level 1.4 Air Magic


You had 7 spell levels left.
You knew the following spells:

 Your Spells              Type           Power        Failure   Level  Hunger
a - Repel Missiles        Chrm/Air       #.....       92%         2    ###....


Dungeon Overview and Level Annotations

Branches:
Dungeon (6/15)
 Temple: D:4-7

Altars:
Cheibriados
Hepliaklqana
Kikubaaqudgha
Qazlal

Shops:
D:4 !   D:6 !


Innate Abilities, Weirdness & Mutations

You cannot wear boots.
Your serpentine skin is tough. (AC +2)
You have supernaturally acute eyesight. (SInv)
Armour fits poorly on your strangely shaped body.
Your system is resistant to poisons. (rPois)
You cover ground very slowly.
You have a slow metabolism.
You can spit poison.


Message History

You block the shadow imp's attack.
The sky beast hits you but does no damage.
The orc hits you with a whip.
The shadow imp hits you but does no damage.
An orc comes into view.
The orc barely misses you.
You riposte.
The orc shouts!
You hit the orc.
The orc is heavily wounded.
The sky beast hits you but does no damage.
The shadow imp hits you but does no damage.
The orc priest calls down the wrath of Beogh upon you.
Beogh smites you!
* * * LOW HITPOINT WARNING * * *
The shadow imp hits you.
* * * LOW HITPOINT WARNING * * *
The orc hits you but does no damage.
The orc priest invokes the aid of Beogh against you.
Beogh smites you!
You die...

#.'..............+........'....
#.#...####.####.##........#####
#.#...####.####.##.....#'##
###.#........#....##.....#.#
....#.....####.#.....#####.#
###)#.....'.##.#.....#####'####
.<#.#.....#.##.#.......#......#
.##.###'#+#.##.##Y.....#......#
.##>............@o.....#......#
.##.##......##.##5.....#......#
.......#.......##......#......#
(....###.....####o.....#......#
.....'..................##'####
##...#############o...#.##.#
.........#<...####......##.#
####.......##.....(..#..##.####
#..........######o####..##....#


You could see a sky beast, an orc priest, a shadow imp and 2 orcs.

Vanquished Creatures
  An ice beast (D:5)
  An ogre (D:4)
  An eye of draining (D:5)
  A centaur (D:5)
  A scorpion (D:5)
  2 howler monkeys (D:4)
  2 crimson imps (D:5)
  6 orc wizards
  2 orc priests
  3 hounds
  A jelly (D:3)
  2 worker ants
  A hound skeleton (D:4)
  A gnoll (D:1)
  7 adders
  7 river rats (Sewer)
  A shadow imp (D:5)
  An adder skeleton (D:5)
  3 worms
  3 dart slugs
  3 leopard geckos
  8 orcs
  6 bats
  7 giant cockroaches
  8 goblins
  5 hobgoblins
  11 jackals
  24 kobolds
  2 quokkas
  7 ball pythons
  5 frilled lizards
  A leopard gecko skeleton (D:4)
  27 rats
161 creatures vanquished.

Notes
Turn   | Place    | Note
-------+----------+-------------------------------------------
     0 | D:1      | Havercy the Naga Fighter began the quest for the Orb.
     0 | D:1      | Reached XP level 1. HP: 21/21 MP: 1/1
    35 | D:1      | Reached XP level 2. HP: 9/28 MP: 2/2
   420 | D:1      | Reached XP level 3. HP: 11/34 MP: 3/3
  1327 | D:2      | Reached XP level 4. HP: 25/42 MP: 4/4
  2221 | D:3      | Reached XP level 5. HP: 26/49 MP: 5/5
  2601 | D:3      | Reached skill level 3 in Long Blades
  2746 | D:4      | Found Lehyoqaun's Distillery.
  2750 | D:4      | Noticed an ogre
  2777 | D:4      | Killed an ogre
  2777 | D:4      | Reached XP level 6. HP: 20/56 MP: 6/6
  2987 | D:4      | Found a snail-covered altar of Cheibriados.
  3001 | D:4      | Became a worshipper of Cheibriados the Contemplative
  3054 | D:4      | Reached skill level 4 in Long Blades
  3155 | D:4      | Reached XP level 7. HP: 51/62 MP: 7/7
  3210 | D:4      | Reached * piety under Cheibriados
  3329 | D:4      | Bought a potion of heal wounds for 70 gold pieces
  3599 | D:4      | Reached skill level 1 in Dodging
  3609 | D:4      | Reached skill level 5 in Long Blades
  3773 | D:5      | Entered Level 5 of the Dungeon
  3789 | D:5      | Learned a level 2 spell: Repel Missiles
  3844 | D:5      | Reached skill level 1 in Charms
  3862 | D:5      | Found a stormy altar of Qazlal.
  3885 | D:5      | Reached skill level 5 in Shields
  3885 | D:5      | Reached XP level 8. HP: 66/70 MP: 9/9
  4110 | D:5      | Found a glowing drain.
  4149 | Sewer    | Entered a sewer
  4170 | Sewer    | Reached ** piety under Cheibriados
  4232 | Sewer    | Reached skill level 1 in Air Magic
  4706 | Sewer    | Reached *** piety under Cheibriados
  4739 | Sewer    | Reached skill level 6 in Long Blades
  4985 | D:5      | Reached skill level 1 in Spellcasting
  5297 | D:5      | Found a hazy altar of Hepliaklqana.
  5302 | D:5      | Found an ancient bone altar of Kikubaaqudgha.
  5356 | D:6      | Found Fulofiv's Distillery.
  5379 | D:5      | Killed from afar by an orc priest

Vault maps used:
D:1:      dpeg_arrival_rhombus, minivault_23
D:2:      first_bread
D:4:      overflow_temple_1_default, serial_shops,
          nicolae_shop_temple_entry_statues_fountains
D:5:      minitemple, portal_sewer_entry_a
D:6:      serial_shops, shop, kennysheep_generic_room_14
Sewer:    sewer_minmay_treatment

Skill      XL: |  1  2  3  4  5  6  7  8 |
---------------+-------------------------+-----
Shields        | 3 4 5 |  5.3
Long Blades    | 3 4 5 6 |  6.1
Armour         | 3 |  3.7
Dodging        | 1 |  1.2
Charms         | 1 |  1.7
Air Magic      | 1 |  1.4
Spellcasting   | 1 |  1.1
Fighting       | |  3.8

Action                   |  1- 3 |  4- 6 |  7- 9 || total
-------------------------+-------+-------+-------++-------
Melee: Long sword        |   120 |   187 |    39 ||   346
       Falchion          |       |       |   302 ||   302
 Abil: Spit Poison       |     5 |     3 |       ||     8
  Use: Scroll            |       |     4 |    12 ||    16
       Potion            |       |     3 |     5 ||     8
  Eat: Chunk             |       |     6 |     1 ||     7
       Beef jerky        |       |       |     2 ||     2
Armor: Scale mail        |    75 |    50 |       ||   125
       Chain mail        |       |    54 |   265 ||   319
       Skin              |       |       |    25 ||    25
Dodge: Dodged            |    42 |    56 |   143 ||   241
Block: Shield            |    88 |    60 |       ||   148
       Buckler           |       |    20 |   104 ||   124
       Rpst.: Long sword |    16 |    21 |     2 ||    39
       Falchion          |       |       |    51 ||    51
